 Dungeon Crawl Stone Soup version 0.31.0-4-g52a2dc7128 (webtiles) character file.

Game seed: 10246376825781248201

119940 MacCMillion the Brawler (level 16, 0/211 HPs)
             Began as a Troll Shapeshifter on Jan 22, 2024.
             Was the Champion of Wu Jian.
             Slain by a shock serpent (13 damage)
             ... on level 2 of the Snake Pit.
             The game lasted 01:06:02 (29838 turns).

MacCMillion the Brawler (Troll Shapeshifter)       Turns: 29838, Time: 01:06:02

Health: 0/211      AC: 13    Str: 37    XL:     16   Next: 28%
Magic:  15/15      EV: 14    Int:  6    God:    Wu Jian [******]
Gold:   179        SH:  5    Dex:  9    Spells: 15/15 levels left

rFire   . .          .
                       - Unarmed
rCold   . . .        M - melded +0 kite shield {rC+}
rNeg    . . .        K - melded +2 ice dragon scales of Gehenna {+Blink Fly rF- rC++}
rPois   +            (helmet currently unavailable)
rElec   .            (cloak currently unavailable)
rCorr   .            (gloves unavailable)
SInv    .            (boots unavailable)
Will    +....        G - amulet of reflection
Stlth   +            f - +4 ring of protection
HPRegen 1.35/turn    o - +5 ring of evasion
MPRegen 0.14/turn

%: reflection
@: lethally poisoned (0 -> -11), snake-form, studying Unarmed Combat
A: constrict, boosted hp, large, unfitting armour, (claws 3), regeneration 1,
(shaggy fur 1), (tough skin 1)
a: Begin Untransformation, Renounce Religion, Wall Jump, Serpent's Lash,
Heavenly Storm


You were on level 2 of the Snake Pit.
You worshipped Wu Jian.
Wu Jian was exalted by your worship.
You were an enormous serpent.
You visited 5 branches of the dungeon, and saw 25 of its levels.
You also visited: Ice Cave and Volcano.

You collected 2894 gold pieces.
You spent 2715 gold pieces at shops.

Inventory:

Missiles
 g - 30 poisoned darts
 A - 2 throwing nets
 D - 4 curare-tipped darts
 J - 14 boomerangs
 X - 23 large rocks (quivered)
Armour
 K - the +2 ice dragon scales of Gehenna (melded) {+Blink Fly rF- rC++}
   (You bought it in a shop on level 2 of the Orcish Mines)

   rF-:       It makes you vulnerable to fire.
   rC++:      It greatly protects you from cold.
   Fly:       It grants you flight.
   +Blink:    It lets you blink.
 M - a +0 kite shield of cold resistance (melded)
Jewellery
 d - a +6 ring of strength
 f - a +4 ring of protection (left hand)
 i - a ring of protection from fire
 l - a ring of flight
 n - a ring of protection from cold
 o - a +5 ring of evasion (right hand)
 q - a ring of poison resistance
 F - the ring of the Butterfly {Will+ Dex+3}
   (You found it on level 5 of the Lair of Beasts)

   [ring of willpower]

   Dex+3:     It affects your dexterity (+3).
   Will+:     It increases your willpower.
 G - an amulet of reflection (around neck)
 P - a ring of positive energy
 V - a ring of see invisible
Talismans
 c - a serpent talisman (active)
Wands
 v - a wand of iceblast (33)
 B - a wand of quicksilver (34)
 L - a wand of flame (25)
 N - a wand of digging (12)
 Z - a wand of mindburst (14)
Scrolls
 e - 4 scrolls of blinking
 m - a scroll of torment
 p - 2 scrolls of poison
 t - 10 scrolls of teleportation
 w - a scroll of amnesia
 y - 2 scrolls of vulnerability
 z - 6 scrolls of enchant armour
 C - 4 scrolls of fear
 R - 2 scrolls of silence
 T - 8 scrolls of identify
 U - 3 scrolls of immolation
 W - 4 scrolls of noise
 Y - 2 scrolls of summoning
Potions
 a - a potion of brilliance {unknown}
 b - 4 potions of lignification
 j - 10 potions of curing
 k - 4 potions of degeneration {unknown}
 r - 5 potions of heal wounds
 s - a potion of resistance {unknown}
 u - 2 potions of magic {unknown}
 x - 2 potions of berserk rage
 E - 4 potions of enlightenment
 H - 3 potions of attraction
 I - 2 potions of mutation {unknown}
 O - 2 potions of invisibility {unknown}
 Q - 3 potions of might
 S - a potion of haste {unknown}
Miscellaneous
 h - a tin of tremorstones (2/2)


   Skills:
 - Level 15.0 Fighting
 - Level 8.1 Throwing
 - Level 5.0 Armour
 - Level 1.5 Dodging
 - Level 5.2 Shields
 - Level 18.0 Unarmed Combat
 + Level 10.8 Shapeshifting


You had 15 spell levels left.
You didn't know any spells.
Your spell library contained the following spells:

 Spells                   Type           Power      Damage    Failure   Level
 Apportation              Tloc           0%         N/A       45%         1
 Foxfire                  Conj/Fire      0%         2x1d4     45%         1
 Kiss of Death            Conj/Necr      0%         2d5       45%         1
 Necrotise                Necr           0%         1d4       45%         1
 Sting                    Conj/Alch      0%         1d3       45%         1
 Summon Small Mammal      Summ           0%         N/A       45%         1
 Cigotuvi's Dreadful Rot  Necr/Alch/Air  0%         N/A       58%         2
 Ensorcelled Hibernation  Hex/Ice        0%         N/A       58%         2
 Static Discharge         Conj/Air       0%         3-3/arc   58%         2
 Call Canine Familiar     Summ           0%         N/A       83%         3
 Confusing Touch          Hex            0%         N/A       83%         3
 Dazzling Flash           Conj/Hex       0%         N/A       83%         3
 Inner Flame              Hex/Fire       0%         N/A       83%         3
 Mephitic Cloud           Conj/Alch/Air  0%         N/A       83%         3
 Sigil of Binding         Hex            0%         N/A       83%         3
 Summon Ice Beast         Ice/Summ       0%         N/A       83%         3
 Vampiric Draining        Necr           0%         2d6       83%         3
 Volatile Blastmotes      Fire/Tloc      0%         2d10      83%         3
 Airstrike                Air            0%         2d(0-16)  99%         4
 Animate Armour           Summ/Erth      0%         N/A       99%         4
 Animate Dead             Necr           0%         N/A       99%         4
 Brom's Barrelling Bould  Conj/Erth      0%         2d3       99%         4
 Dimensional Bullseye     Hex/Tloc       0%         N/A       99%         4
 Dispel Undead            Necr           0%         3d6       99%         4
 Fulminant Prism          Conj/Alch      0%         3d5       99%         4
 Ignite Poison            Fire/Alch      0%         N/A       99%         4
 Iskenderun's Mystic Bla  Conj/Tloc      0%         2d3       99%         4
 Martyr's Knell           Necr/Summ      0%         N/A       99%         4
 Petrify                  Alch/Erth      0%         N/A       99%         4
 Summon Blazeheart Golem  Fire/Summ      0%         N/A       99%         4
 Summon Lightning Spire   Summ/Air       0%         N/A       99%         4
 Vhi's Electric Charge    Tloc/Air       0%         N/A       99%         4
 Arcjolt                  Conj/Air       0%         1d10      100%        5
 Borgnjor's Vile Clutch   Necr/Erth      0%         N/A       100%        5
 Curse of Agony           Necr           0%         N/A       100%        5
 Fireball                 Conj/Fire      0%         3d3       100%        5
 Freezing Cloud           Conj/Ice/Air   0%         6-21      100%        5
 Irradiate                Conj/Alch      0%         3d11      100%        5
 Iskenderun's Battlesphe  Conj           0%         2d6       100%        5
 Silence                  Hex/Air        0%         N/A       100%        5
 Summon Forest            Summ/Tloc      0%         N/A       100%        5
 Summon Mana Viper        Hex/Summ       0%         N/A       100%        5
 Conjure Ball Lightning   Conj/Air       0%         3x3d6     100%        6
 Death Channel            Necr           0%         N/A       100%        6
 Plasma Beam              Fire/Air       0%         2x1d10    100%        6
 Starburst                Conj/Fire      0%         6d3       100%        6
 Summon Cactus Giant      Summ           0%         N/A       100%        6
 Haunt                    Necr/Summ      0%         N/A       100%        7
 Monstrous Menagerie      Summ           0%         N/A       100%        7
 Orb of Destruction       Conj           0%         9d5       100%        7
 Spellforged Servitor     Conj/Summ      0%         N/A       100%        7
 Ignition                 Fire           0%         3d3       100%        8
 Infestation              Necr           0%         N/A       100%        8
 Maxwell's Capacitive Co  Air            0%         ∞         100%        8
 Polar Vortex             Ice            0%         N/A       100%        9


Dungeon Overview and Level Annotations

Branches:
Dungeon (15/15)            Temple (1/1) D:4            Lair (5/5) D:9
  Swamp (0/4) Lair:2        Snake (2/4) Lair:2        Slime (0/5) Lair:5
    Orc (2/2) D:9             Elf (0/3) Orc:2        Vaults (0/5) D:13
 Depths (0/4) D:15          IceCv (visited)         Volcano (visited)

Altars:
Ashenzari
Cheibriados
Dithmenos
Elyvilon
Fedhas
Gozag
Hepliaklqana
Kikubaaqudgha
Makhleb
Nemelex Xobeh
Okawaru
Qazlal
Ru
Sif Muna
Trog
Uskayaw
Vehumet
Wu Jian
Xom
Yredelemnul
Zin
The Shining One
Jiyva

Shops:
D:5 =   D:8 :   Orc:2 [?:*   Snake:1 ==:*

Portals:
Trove: D:15 (give 3 scrolls of blinking)

Annotations:
D:3 1 runed translucent door, Crazy Yiuf
D:8 !hydra
D:11 1 runed translucent door
D:13 3 runed translucent doors
Lair:3 3 runed translucent doors, flt's ghost, journeyman VSNe
Lair:5 2 runed translucent doors


Innate Abilities, Weirdness & Mutations

You are an enormous serpent.
You have a powerful constriction melee attack.
Your maximum health is increased.
Your armour is entirely melded.
You are incapable of wielding weapons or throwing items.
You are too large for most types of armour.
((You have claws for hands.))
Your natural rate of healing is unusually fast.
((You are covered in fur. (AC +1)))
((You have tough skin. (AC +1)))


Message History

You feel very sick. The shock serpent closely misses you.
The shock serpent barely misses you.
Unknown command.
You spin and attack the shock serpent.
You lash the shock serpent! Your grab misses the shock serpent.
The shock serpent is moderately wounded.
The shock serpent's electric aura discharges, shocking you!
You feel very sick. The shock serpent bites you!
* * * LOW HITPOINT WARNING * * *
The shock serpent shocks you!
* * * LOW HITPOINT WARNING * * *
The black mamba bites you but does no damage.
Unknown command.
You feel much better.
You feel very sick. The black mamba misses you.
The shock serpent closely misses you. The shock serpent bites you.
* * * LOW HITPOINT WARNING * * *
The shock serpent shocks you!
* * * LOW HITPOINT WARNING * * *
The black mamba bites you!
* * * LOW HITPOINT WARNING * * *
You spin and attack the shock serpent.
You barely miss the shock serpent. You grab the shock serpent.
The shock serpent is moderately wounded.
You constrict the shock serpent.
You feel sick. The shock serpent bites you!
* * * LOW HITPOINT WARNING * * *
The shock serpent shocks you!
* * * LOW HITPOINT WARNING * * *
The black mamba bites you!
* * * LOW HITPOINT WARNING * * *
You are lethally poisoned!
The black mamba poisons you!
You feel much better.
You constrict the shock serpent.
You feel very sick. The shock serpent bites you!
* * * LOW HITPOINT WARNING * * *
The shock serpent shocks you!
You die...

########################
........................
................S..!....
.############..SS.......
.########## #......)....
..........# ########....
....####### ### .#### ##


You could see a shock serpent and a black mamba.

Vanquished Creatures
  Gastronok (Lair:2)
  Kirke (Lair:5)
  Snorg (Orc:2)
  4 vault guards (D:13)
  Josephine (D:11)
  A catoblepas (D:14)
  10 hydras
  An ice dragon (IceCv)
  Erica (D:10)
  3 anacondas
  4 boulder beetles
  8 two-headed ogres
  9 centaur warriors
  2 death yaks (Lair:4)
  2 naga warriors
  3 orc high priests (Orc:2)
  A vampire mage (D:15)
  A storm dragon zombie (D:15)
  A hell knight (Volcano)
  3 shock serpents
  A deep elf knight (D:13)
  A naga sharpshooter (Snake:2)
  2 skysharks (Lair:5)
  8 skeletal warriors
  A naga ritualist (Snake:1)
  3 mana vipers (Snake:1)
  Pikel (D:7)
  A lindwurm (Lair:5)
  7 orc knights
  5 deep elf pyromancers
  A necromancer (D:15)
  5 orc sorcerers
  5 cyclopes
  3 manticores
  6 salamanders
  10 ugly things
  A guardian serpent (Snake:1)
  17 elephants
  A kobold blastminer (Orc:2)
  2 ice statues (IceCv)
  14 black mambas
  3 naga magi (Snake:1)
  8 molten gargoyles
  2 gargoyles
  A torpor snail (Lair:1)
  Joseph (D:8)
  2 efreet
  8 cane toads
  2 yaktaurs (D:13)
  Maggie (D:7)
  10 rime drakes
  A tengu conjurer (D:13)
  14 komodo dragons
  Psyche (D:11)
  3 freezing wraiths
  3 trolls
  2 polar bears (Lair:4)
  7 blink frogs
  Grinder (D:6)
  A raiju (shapeshifter) (D:13)
  A spriggan skeleton (D:15)
  6 wraiths
  21 slime creatures
  7 wyverns
  6 hogs
  3 wargs
  9 basilisks
  55 yaks
  2 steam dragons (Lair:5)
  12 nagas
  2 hell hounds (Lair:5)
  4 acid dragons
  12 water moccasins
  Duvessa (D:7)
  An ice beast (D:7)
  23 orc warriors
  A black bear (D:9)
  A sky beast (D:6)
  5 boggarts (D:14)
  8 wolves
  5 centaurs
  A phantom (D:5)
  7 ogres
  4 kobold brigands
  11 bullfrogs
  A gnoll sergeant (D:2)
  2 scorpions
  9 wights
  Dowan (D:7)
  3 lindwurm simulacra (IceCv)
  13 killer bees
  4 howler monkeys
  2 electric eels
  A bombardier beetle (D:5)
  4 lava snakes (Lair:5)
  A gnoll bouda (D:10)
  9 komodo dragon simulacra (IceCv)
  2 hounds
  14 jellies
  14 orc priests
  A sleepcap (D:7)
  An iguana (D:4)
  29 orc wizards
  4 hell rats (Lair:1)
  9 adders
  20 gnolls
  2 acid dragon simulacra (IceCv)
  2 shadow imps
  4 white imps (D:6)
  7 steam dragon simulacra (IceCv)
  3 ribbon worms (D:2)
  A dart slug (D:5)
  80 orcs
  9 endoplasms
  9 giant cockroaches
  10 goblins
  10 hobgoblins
  7 jackals
  22 kobolds
  8 quokkas
  14 ball pythons
  5 bats
  4 frilled lizards
  3 rats (D:2)
776 creatures vanquished.

Vanquished Creatures (others)
  A human (Lair:5)
1 creature vanquished.

Grand Total: 777 creatures vanquished

Notes
Turn   | Place    | Note
-------+----------+-------------------------------------------
     0 | D:1      | MacCMillion the Troll Shapeshifter began the quest for the
                  | Orb.
     0 | D:1      | Reached XP level 1. HP: 18/18 MP: 0/0
   181 | D:1      | Reached XP level 2. HP: 26/26 MP: 1/1
   303 | D:1      | Reached skill level 4 in Unarmed Combat
   502 | D:1      | Reached XP level 3. HP: 32/32 MP: 2/2
   964 | D:2      | Reached XP level 4. HP: 40/40 MP: 3/3
  1025 | D:2      | Reached skill level 5 in Unarmed Combat
  1603 | D:2      | Noticed a gnoll sergeant
  2231 | D:3      | Reached XP level 5. HP: 46/46 MP: 4/4
  2445 | D:3      | Found a runed translucent door.
  2446 | D:3      | Noticed Crazy Yiuf
  2770 | D:4      | Reached skill level 6 in Unarmed Combat
  2927 | D:4      | Noticed an ogre
  3021 | D:4      | Reached XP level 6. HP: 54/54 MP: 5/5
  3113 | D:4      | Found a staircase to the Ecumenical Temple.
  3137 | D:4      | Reached skill level 7 in Unarmed Combat
  3154 | Temple   | Entered the Ecumenical Temple
  3159 | Temple   | Became a worshipper of the Wu Jian Council
  3606 | D:5      | Entered Level 5 of the Dungeon
  3856 | D:5      | Reached skill level 8 in Unarmed Combat
  3906 | D:5      | Found a hide-covered altar of Uskayaw.
  3933 | D:5      | Reached XP level 7. HP: 61/61 MP: 6/6
  4254 | D:5      | Found Oraun's Jewellery Shop.
  4506 | D:6      | Reached skill level 9 in Unarmed Combat
  4522 | D:6      | Noticed a troll
  4546 | D:5      | Killed a troll
  4547 | D:5      | Reached XP level 8. HP: 31/68 MP: 7/7
  4617 | D:6      | Found a white marble altar of Elyvilon.
  4629 | D:6      | Reached skill level 10 in Unarmed Combat
  4773 | D:6      | Found an iron altar of Okawaru.
  4796 | D:6      | Reached * piety under Wu Jian
  4913 | D:6      | Found a stormy altar of Qazlal.
  4983 | D:6      | Noticed Grinder
  4988 | D:6      | Killed Grinder
  4989 | D:6      | Reached skill level 11 in Unarmed Combat
  4989 | D:6      | Reached skill level 1 in Fighting
  5659 | D:7      | Noticed Maggie
  5669 | D:7      | Killed Maggie
  5670 | D:7      | Reached XP level 9. HP: 52/83 MP: 4/8
  5677 | D:7      | Reached skill level 5 in Shapeshifting
  5741 | D:7      | Reached ** piety under Wu Jian
  5818 | D:7      | Noticed Duvessa
  5823 | D:7      | Noticed Dowan
  5836 | D:7      | Killed Duvessa
  5855 | D:7      | Killed Dowan
  6324 | D:7      | Noticed Pikel
  6329 | D:7      | Killed Pikel
  6330 | D:7      | Reached skill level 5 in Fighting
  7800 | D:8      | Noticed Joseph
  7808 | D:8      | Killed Joseph
  7809 | D:8      | Reached XP level 10. HP: 69/98 MP: 4/9
  7935 | D:8      | Found Lanionlio's Tiny Tomes.
  7974 | D:8      | Noticed a manticore
  7981 | D:8      | Killed a manticore
  8042 | D:8      | Noticed a seven-headed hydra
  8246 | D:8      | Found a glowing golden altar of the Shining One.
  8247 | D:8      | Found a shimmering altar of Xom.
  8295 | D:8      | Noticed a boulder beetle
  8304 | D:8      | Killed a boulder beetle
  9282 | D:9      | Reached *** piety under Wu Jian
  9295 | D:9      | Found a staircase to the Orcish Mines.
  9365 | D:9      | Found a blossoming altar of Fedhas.
  9480 | D:9      | Found a staircase to the Lair.
  9702 | D:9      | Identified the +5 sling of the Living Dead {freeze, Int+3}
  9993 | D:9      | Noticed a two-headed ogre
 10004 | D:9      | Killed a two-headed ogre
 10148 | D:9      | Reached XP level 11. HP: 103/113 MP: 8/10
 10308 | D:9      | Found a shadowy altar of Dithmenos.
 10341 | D:10     | Entered Level 10 of the Dungeon
 10469 | D:10     | Reached **** piety under Wu Jian
 10481 | D:10     | Noticed Erica
 10493 | D:10     | Killed Erica
 10819 | D:10     | Found a snail-covered altar of Cheibriados.
 10843 | D:10     | Noticed a two-headed ogre
 10849 | D:10     | Killed a two-headed ogre
 11109 | D:10     | Noticed a two-headed ogre
 11115 | D:10     | Killed a two-headed ogre
 11116 | D:10     | Reached skill level 10 in Fighting
 11166 | D:10     | Found a glowing silver altar of Zin.
 11167 | D:10     | Found an opulent altar of Gozag.
 11729 | D:11     | Noticed Josephine
 11748 | D:11     | Killed Josephine
 11794 | D:11     | Noticed Psyche
 11802 | D:11     | Killed Psyche
 12170 | D:11     | Reached skill level 12 in Unarmed Combat
 12182 | D:11     | Found a runed translucent door.
 12188 | D:11     | an eye of devastation changed into a sun moth
 12188 | D:11     | Noticed a sun moth (glowing shapeshifter)
 12276 | Lair:1   | Entered Level 1 of the Lair of Beasts
 12402 | Lair:1   | Reached XP level 12. HP: 128/128 MP: 11/11
 12716 | Lair:1   | Reached skill level 1 in Armour
 12882 | Lair:1   | Reached ***** piety under Wu Jian
 13366 | Lair:2   | Noticed a four-headed hydra
 13415 | Lair:2   | Found a staircase to the Snake Pit.
 13505 | Lair:2   | Found a dark tunnel.
 13510 | Volcano  | Entered a volcano
 13524 | Volcano  | Reached skill level 13 in Unarmed Combat
 13646 | Volcano  | Reached skill level 1 in Throwing
 13791 | Volcano  | Noticed an orb of fire
 14000 | Volcano  | Noticed an orb of fire
 14013 | Volcano  | Reached skill level 5 in Throwing
 14095 | Lair:2   | Reached XP level 13. HP: 139/139 MP: 12/12
 14114 | Lair:2   | Found a staircase to the Swamp.
 14567 | Lair:2   | Noticed Gastronok
 14582 | Lair:2   | Killed Gastronok
 14609 | Lair:2   | Identified the +1 leather armour of the Will of the Gods
                  | {rC++ rN+++ Str-2 Dex-4}
 14962 | Lair:3   | Reached skill level 14 in Unarmed Combat
 15512 | Lair:3   | Found a runed translucent gate.
 15512 | Lair:3   | Found a runed translucent gate.
 15514 | Lair:3   | Found a runed translucent gate.
 15515 | Lair:3   | Noticed flt's ghost (journeyman VSNe)
 17590 | Lair:5   | Entered Level 5 of the Lair of Beasts
 17681 | Lair:5   | Reached skill level 15 in Unarmed Combat
 17756 | Lair:5   | Reached XP level 14. HP: 141/153 MP: 11/13
 17978 | Lair:5   | Reached ****** piety under Wu Jian
 17999 | Lair:5   | Found a staircase to the Slime Pits.
 17999 | Lair:5   | Found a viscous altar of Jiyva.
 18164 | Lair:5   | Noticed Kirke
 19194 | Lair:5   | Killed Kirke
 19421 | Lair:5   | Identified the ring of the Butterfly {Will+ Dex+3}
 19795 | Lair:5   | Found a large runed translucent door.
 19795 | Lair:5   | Found a large runed translucent door.
 19831 | Lair:5   | Reached skill level 16 in Unarmed Combat
 20264 | Orc:1    | Entered Level 1 of the Orcish Mines
 20554 | Orc:2    | Entered Level 2 of the Orcish Mines
 20854 | Orc:2    | Noticed Snorg
 20863 | Orc:2    | Killed Snorg
 20935 | Orc:2    | Paralysed by an orc sorcerer for 4 turns
 21224 | Orc:2    | Found Mackower's Assorted Antiques.
 21224 | Orc:2    | Found Oloc's Antique Armour Shop.
 21232 | Orc:2    | Found Bufush's Book Shoppe.
 21232 | Orc:2    | Found Ygaxteov's Magic Scroll Shop.
 21374 | Orc:2    | Found a staircase to the Elven Halls.
 22278 | Orc:2    | Bought translucent ice dragon scales for 1755 gold pieces
 22278 | Orc:2    | Identified the +2 ice dragon scales of Gehenna {+Blink Fly
                  | rF- rC++} (You bought it in a shop on level 2 of the Orcish
                  | Mines)
 22503 | D:12     | Found a frozen archway.
 22522 | IceCv    | Entered an ice cave
 23014 | IceCv    | Reached XP level 15. HP: 145/165 MP: 9/14
 23217 | D:12     | Reached skill level 17 in Unarmed Combat
 24175 | D:12     | Reached skill level 15 in Fighting
 24539 | D:13     | Found a runed translucent door.
 24540 | D:13     | Noticed a fire giant
 24772 | D:13     | Identified the +3 spear "Beast's Nightmare" {flame, Str+3}
 24791 | D:13     | Found a runed translucent door.
 24792 | D:13     | Found a runed translucent door.
 25138 | D:13     | Reached skill level 18 in Unarmed Combat
 25157 | D:13     | Reached skill level 1 in Shields
 25308 | D:13     | Got the Omnibus of the Scarab
 25782 | D:13     | Found a gate to the Vaults.
 26937 | D:14     | Reached skill level 5 in Armour
 26960 | D:15     | Entered Level 15 of the Dungeon
 27069 | D:15     | Found a staircase to the Depths.
 27628 | D:15     | Found a portal to a secret trove of treasure.
 27639 | D:15     | Reached skill level 5 in Shields
 28285 | Snake:1  | Entered Level 1 of the Snake Pit
 28291 | Snake:1  | Reached XP level 16. HP: 176/176 MP: 15/15
 28543 | Snake:1  | Found Readdism's General Store.
 28739 | Orc:2    | Bought a manual of Unarmed Combat for 960 gold pieces
 29030 | Snake:1  | Reached skill level 10 in Shapeshifting
 29394 | Snake:1  | Found Cetetyep's Book Shoppe.
 29394 | Snake:1  | Found Hodyvet's Jewellery Boutique.
 29395 | Snake:1  | Found Telip's Jewellery Boutique.
 29837 | Snake:2  | HP: 5/211 [black mamba (7)]
 29838 | Snake:2  | Slain by a shock serpent

Illustrated notes

Levels and vault maps discovered:
D:1:      sevenhm_arrival_forest_fort_small_5, layout_loops_ring
D:2:      kennysheep_six_static_rooms, layout_loops_ring,
          pf_guarded_unrand_woodcutter
D:3:      layout_basic, supply_closet_lemuel, uniq_crazy_yiuf_cottage
D:4:      minmay_clustersquares, layout_cave_pools,
          minmay_temple_entry_sparse_star
D:5:      layout_basic, lemuel_crystal_altar, serial_shops, shop
D:6:      layout_layer_cave, nicolae_qazlal_beasts_of_the_sky, elyvilon_altar_3,
          mainiacjoe_overflow_boulevard, uniq_grinder
D:7:      layout_loops_ring, uniq_pikel, uniq_duvessa, uniq_maggie
D:8:      layout_basic, nicolae_overflow_squiral,
          nicolae_shop_i_like_small_books_too, minmay_three_doors, uniq_joseph
D:9:      layout_cave_pods, mainiacjoe_overflow_swirl, david_lair_generic,
          david_orc_2, minivault_1, corexii_checkpoint
D:10:     layout_basic, grunt_temple_overflow_gold_and_silver,
          kennysheep_little_box, uniq_erica
D:11:     layout_long_grid, wad_hexagon, uniq_josephine, uniq_psyche
D:12:     layout_roguey, serial_corexii_hall, corexii_hall_statues_i,
          corexii_hall_statues_l, portal_ice_cave_rime
D:13:     minmay_the_grid_triangle_9x9_rhombus_thin
          [minmay_the_grid_triangle_9x9_descending_squares,
          minmay_the_grid_triangle_9x9_prize_schism,
          minmay_the_grid_triangle_9x9_fully_insulated_deathbox,
          minmay_the_grid_triangle_9x9_odd_lines], layout_basic,
          grunt_vaults_entry_fortified, serial_curves, eino_curves_01,
          eino_curves_04, lemuel_another_geyser
D:14:     layout_roguey [special_room_orc], nicolae_integral_box
D:15:     gammafunk_depths_entry_grave, layout_stronghold, enter_trove_0,
          nicolae_kite_square_tiling_tiny
Temple:   minmay_freezing_vapour_temple
Lair:1:   layout_cave_pods, grunt_forest_small_clearing_treed,
          grunt_megastairs_3
Lair:2:   layout_concentric_octagons, swamp_mist, guppyfry_snake_entry_island,
          enter_volcano_4, uniq_gastronok
Lair:3:   layout_gridlike, gammafunk_ghost_hydra_chop, lemuel_fruit_tree,
          serial_bayou_shore_b, grunt_megastairs_1
Lair:4:   layout_gridlike, beast_lair_carwin_4, infiniplex_staircase_pool
Lair:5:   cheibrodos_lair_end_hotspot, layout_gridlike,
          minmay_slime_entry_jelly_boxes, uniq_kirke
Snake:1:  layout_rooms, serial_shops, shop, st_stairs_13, grunt_ministairs_14,
          nicolae_snake_gridmaze_zigzag, minmay_shop_grove
Snake:2:  layout_onion_interference
Orc:1:    layout_caves, basic_altar
Orc:2:    grunt_orc_tribal_feast, layout_caves, nicolae_orc_found_a_spring,
          uniq_snorg

Skill      XL: |  1  2  3  4  5  6  7  8  9 10 11 12 13 14 15 16 |
---------------+-------------------------------------------------+-----
Unarmed Combat | 4 5 6 8 9 11 12 13 15 16 18 | 18.0
Fighting       | 3 5 8 10 11 13 14 15 | 15.0
Shapeshifting  | 4 7 9 10 | 10.8
Armour         | 3 5 |  5.0
Throwing       | 5 6 8 |  8.1
Shields        | 5 |  5.2
Dodging        | |  1.5

Action                     |  1- 3 |  4- 6 |  7- 9 | 10-12 | 13-15 | 16-18 || total
---------------------------+-------+-------+-------+-------+-------+-------++-------
  Melee: Unarmed           |    82 |   157 |   197 |   464 |  1145 |   104 ||  2149
         Punch             |     2 |     5 |    10 |    37 |    82 |       ||   136
         Constrict         |       |       |       |       |       |    29 ||    29
  Throw: Dart              |       |     8 |    12 |     4 |    10 |       ||    34
         Large rock        |       |       |       |       |    33 |       ||    33
         Boomerang         |       |       |       |       |     1 |       ||     1
 Invoke: Serpent's Lash    |       |       |       |     3 |     5 |       ||     8
         Heavenly Storm    |       |       |       |       |     1 |     1 ||     2
Ability: Lunge             |       |     5 |    26 |    55 |   115 |    18 ||   219
         Whirlwind         |       |       |       |    28 |   124 |    33 ||   185
  Evoke: Wand              |       |       |       |     3 |     2 |       ||     5
    Use: Scroll            |       |     8 |     1 |     9 |     5 |       ||    23
         Potion            |       |       |     1 |       |       |     2 ||     3
   Stab: Sleeping          |       |     1 |       |       |       |       ||     1
 Armour: Animal skin       |    48 |    54 |    87 |    36 |       |       ||   225
         Swamp dragon scal |       |       |       |   202 |   484 |       ||   686
         Ice dragon scales |       |       |       |       |   293 |       ||   293
         Skin              |       |       |       |       |     2 |    54 ||    56
  Dodge: Dodged            |    26 |    97 |   110 |   168 |   339 |    53 ||   793
  Block: Kite shield       |       |       |       |       |   119 |       ||   119
         Reflection        |       |       |       |       |    14 |     1 ||    15
         Other             |       |       |       |       |     1 |    12 ||    13
   Form: Serpent           |       |       |       |       |     1 |       ||     1
